 Dungeon Crawl Stone Soup version 0.29-a0-284-gf9362112df (webtiles) character file.

Game seed: 2153258368081058079

54 being54 the Sneak (level 3, -4/27 HPs)
             Began as a Demonspawn Brigand on Mar 16, 2022.
             Slain by a gnoll
             ... wielding a +0 halberd
              (8 damage)
             ... on level 2 of the Dungeon.
             The game lasted 00:02:05 (1179 turns).

being54 the Sneak (Demonspawn Brigand)              Turns: 1179, Time: 00:02:05

Health: -4/27      AC:  5    Str: 11    XL:     3   Next: 66%
Magic:  3/3        EV: 12    Int: 12    God:
Gold:   52         SH:  5    Dex: 16    Spells: 2/2 levels left

rFire   . . .      SeeInvis .   a - +3 dagger
rCold   . . .      Faith    .   (no shield)
rNeg    . . .      Spirit   .   b - +0 robe
rPois   .          Reflect  +   (no helmet)
rElec   .          Harm     .   c - +0 cloak
rCorr   .          Rampage  .   (no gloves)
Will    .....                   j - +1 pair of boots
Stlth   +++.......              i - amulet of reflection
HPRegen 0.09/turn               (no ring)
MPRegen 0.08/turn               (no ring)

@: no status effects
A: demonic guardian 1
a: no special abilities


You were on level 2 of the Dungeon.
You visited 1 branch of the dungeon, and saw 2 of its levels.

You collected 52 gold pieces.

Inventory:

Hand Weapons
 a - a +3 dagger (weapon)
Missiles
 d - 9 poisoned darts (quivered)
 e - 3 curare-tipped darts
Armour
 b - a +0 robe (worn)
 c - a +0 cloak (worn)
 j - a +1 pair of boots (worn)
Jewellery
 i - an amulet of reflection (around neck)
 l - a ring of see invisible
Scrolls
 f - a scroll of teleportation
 m - a scroll of identify
 n - a scroll of vulnerability {unknown}
Potions
 g - a potion of magic {unknown}
 h - a potion of degeneration {unknown}
 k - a potion of berserk rage {unknown}


   Skills:
 + Level 2.0 Fighting
 + Level 2.0 Short Blades
 + Level 2.0 Throwing
 + Level 1.5 Dodging
 + Level 4.5 Stealth
 + Level 0.7 Shields


You had 2 spell levels left.
You didn't know any spells.
Your spell library was empty.

Dungeon Overview and Level Annotations

Branches:
Dungeon (2/15)

Altars:
Fedhas

Shops:
D:1 =


Innate Abilities, Weirdness & Mutations

A weak demonic guardian rushes to your aid.


Message History

No target in view!
You see here an adder corpse.
A gnoll comes into view. It is wielding a +0 spear.
The gnoll shouts!
A gnoll is nearby!
A gnoll comes into view. It is wielding a +0 halberd.
The gnoll hits you but does no damage. You block the gnoll's attack.
You hit the gnoll.
The gnoll is moderately wounded.
You block the gnoll's attack. The gnoll hits you with a +0 spear.
You closely miss the gnoll.
The gnoll is moderately wounded.
You block the gnoll's attack. The gnoll hits you with a +0 spear.
You closely miss the gnoll.
The gnoll is moderately wounded.
The gnoll hits you with a +0 spear. The gnoll misses you.
You barely miss the gnoll.
The gnoll is moderately wounded.
The gnoll hits you from afar with a +0 halberd!
* * * LOW HITPOINT WARNING * * *
A demonic guardian appears!
The gnoll barely misses you.
You hit the gnoll.
The gnoll is moderately wounded.
The gnoll barely misses you. The gnoll misses you.
You hit the gnoll.
The gnoll is heavily wounded.
The gnoll hits you from afar with a +0 halberd.
* * * LOW HITPOINT WARNING * * *
The gnoll hits you but does no damage.
You hit the gnoll.
The gnoll is almost dead.
You hit the gnoll.
You kill the gnoll!
The gnoll closely misses you.
You swap places.
Your shadow imp closely misses the gnoll.
You block the gnoll's attack.
Your shadow imp hits the gnoll.
The gnoll hits you from afar with a +0 halberd!
You die...

..# #.# ### ..#
#.# ..# #.#
..####.# ###
..##...# #..
.......# #.#
....#..# #g#
..##...# #5#
.#.#..## ##@######
#.#...#
#######.........
##....#
#...†....#######
.#....###.#####.##
#......##.# #.#
.......##.# #.#
..........# ...
......##### ###
.......


You could see a gnoll (ally target) and a friendly shadow imp (summoned).

Vanquished Creatures
  A gnoll (D:2)
  An adder (D:2)
  3 dart slugs
  4 endoplasms
  4 goblins
  A hobgoblin (D:1)
  3 kobolds
  A quokka (D:1)
  4 bats (D:1)
  3 frilled lizards (D:1)
  4 rats (D:1)
29 creatures vanquished.

Notes
Turn   | Place    | Note
-------+----------+-------------------------------------------
     0 | D:1      | being54 the Demonspawn Brigand began the quest for the Orb.
     0 | D:1      | Reached XP level 1. HP: 16/16 MP: 1/1
   129 | D:1      | Found a faded altar of an unknown god.
   144 | D:1      | Reached skill level 1 in Dodging
   253 | D:1      | Found Qesis's Jewellery Shop.
   349 | D:1      | Gained mutation: A weak demonic guardian rushes to your
                  | aid. [demonic ancestry]
   349 | D:1      | Reached XP level 2. HP: 22/22 MP: 2/2
   358 | D:1      | Reached skill level 4 in Stealth
   960 | D:2      | Found a blossoming altar of Fedhas.
  1117 | D:2      | Reached XP level 3. HP: 27/27 MP: 3/3
  1179 | D:2      | Slain by a gnoll

Illustrated notes

Levels and vault maps discovered:
D:1:      kennysheep_arrival_seaside, layout_rooms, serial_shops,
          nicolae_diamond_shop, serial_curves, eino_curves_02, eino_curves_01,
          eino_curves_03, hellmonk_ecumenical_altar_pennies_from_heaven
D:2:      layout_loops_ring, basic_altar, minmay_misc_feat_pillars,
          minmay_misc_feat_secret_circle, grunt_ministairs_6

Skill      XL: |  1  2 |
---------------+-------+-----
Dodging        | 1 |  1.5
Stealth        | 4 |  4.5
Short Blades   | 2 |  2.0
Throwing       | 2 |  2.0
Fighting       | |  2.0
Shields        | |  0.7

Action                   || total
-------------------------++-------
Melee: Dagger            ||    74
  Use: Scroll            ||     4
 Stab: Sleeping          ||     7
Armor: Robe              ||    24
Dodge: Dodged            ||    44
Block: Other             ||    13

Table legend: (Time is in decaauts)
 A = Elapsed time spent in this place.
 B = Non-inter-level travel time spent in this place.
 C = Inter-level travel time spent in this place.
 D = Time resting spent in this place.
 E = Time spent auto-exploring this place.
 F = Levels seen in this place.
 G = Mean time per level.
                   A        B        C        D        E       F      G
               +--------+--------+--------+--------+--------+-----+--------+
         Total |   1175 |   1103 |     72 |    207 |    697 |   2 |  587.5 |
       Dungeon |   1175 |   1103 |     72 |    207 |    697 |   2 |  587.5 |
               +--------+--------+--------+--------+--------+-----+--------+

Top non-repeatable levels by time:
     D:1: 942 daAuts
     D:2: 233 daAuts
